 Dungeon Crawl Stone Soup version 0.28.0-49-g6dfe1f597d (webtiles) character file.

Game seed: 9574717071229028665

1531 nickcage the Stinger (level 8, -12/36 HPs)
             Began as a Spriggan Venom Mage on May 18, 2022.
             Was a Follower of Vehumet.
             Mangled by a two-headed ogre
             ... wielding a +0 giant club
              (22 damage)
             ... on level 6 of the Dungeon.
             The game lasted 00:29:24 (8869 turns).

nickcage the Stinger (Spriggan Venom Mage)          Turns: 8869, Time: 00:29:25

Health: -12/36     AC:  5    Str:  8    XL:     8   Next: 55%
Magic:  19/19      EV: 17    Int: 19    God:    Vehumet [*.....]
Gold:   78         SH:  0    Dex: 15    Spells: 11/21 levels left

rFire   . . .      SeeInvis +   C - +1 rapier (flame)
rCold   . . .      Faith    .   (no shield)
rNeg    + + .      Spirit   .   x - +2 robe {rN+}
rPois   .          Reflect  .   (helmet restricted)
rElec   .          Harm     .   B - +0 cloak "Eshifib" {Str+4}
rCorr   .          Rampage  .   (gloves unavailable)
Will    +....                   (boots unavailable)
Stlth   ++........              s - amulet of magic regeneration
HPRegen 0.12/turn               d - ring of wizardry
MPRegen 0.56/turn               k - ring of positive energy

@: very quick
A: very small, no large weapons, unfitting armour, see invisible, speed 3
a: Renounce Religion


You were on level 6 of the Dungeon.
You worshipped Vehumet.
Vehumet was aware of your devotion.
You visited 2 branches of the dungeon, and saw 8 of its levels.
You also visited: Sewer.

You collected 281 gold pieces.
You spent 203 gold pieces at shops.

Inventory:

Hand Weapons
 c - a +1 dagger
 g - a +1 dagger of draining
 A - a +0 rapier
 C - a +1 rapier of flaming (weapon)
Armour
 a - a +0 robe
 x - a +2 robe of positive energy (worn)
 B - the +0 cloak "Eshifib" (worn) {Str+4}
   (You found it on level 5 of the Dungeon)

   Str:       It affects your strength (+4).
Magical Staves
 t - a staff of death
Jewellery
 d - a ring of wizardry (left hand)
 k - a ring of positive energy (right hand)
 s - an amulet of magic regeneration (around neck)
Wands
 w - a wand of paralysis (2)
Scrolls
 r - 2 scrolls of fear
Potions
 b - a potion of brilliance
 e - a potion of resistance
 f - 2 potions of cancellation
 h - a potion of attraction {unknown}
 i - 5 potions of invisibility
 j - a potion of heal wounds {unknown}
 m - a potion of lignification {unknown}
 n - 3 potions of magic
 o - a potion of experience {unknown}
 p - 2 potions of berserk rage {unknown}
 u - a potion of haste {unknown}
 z - a potion of ambrosia {unknown}


   Skills:
 * Level 5.0 Short Blades
 - Level 2.6 Dodging
 - Level 3.0 Stealth
 - Level 7.0 Spellcasting
 - Level 6.0 Transmutations
 - Level 7.1 Poison Magic


You had 11 spell levels left.
You knew the following spells:

 Your Spells              Type           Power      Damage    Failure   Level
a - Sting                 Tmut/Pois      100%       1d8       1%          1
b - Poisonous Vapours     Pois/Air       40%        N/A       1%          2
c - Mephitic Cloud        Conj/Pois/Air  15%        N/A       4%          3
d - Olgreb's Toxic Radia  Pois           33%        N/A       2%          4

Your spell library contained the following spells:

 Spells                   Type           Power      Damage    Failure   Level
 Foxfire                  Conj/Fire      24%        2x1d5     4%          1
 Corpse Rot               Necr/Air       12%        N/A       6%          2


Dungeon Overview and Level Annotations

Branches:
Dungeon (7/15)             Temple (1/1) D:4           Sewer (visited)

Altars:
Ashenzari
Cheibriados
Dithmenos
Elyvilon
Fedhas
Gozag
Hepliaklqana
Kikubaaqudgha
Makhleb
Nemelex Xobeh
Okawaru
Qazlal
Ru
Sif Muna
Trog
Uskayaw
Vehumet
Wu Jian
Xom
Yredelemnul
Zin
The Shining One

Shops:
D:4 (   D:6 (


Innate Abilities, Weirdness & Mutations

You are very small and have problems with some larger weapons.
You are too small for most types of armour.
You have supernaturally acute eyesight. (SInv)
You cover ground extremely quickly. (Speed+++)


Message History

You feel your power returning.
Your toxic aura wanes.
You kill the orc wizard!
Vehumet accepts your kill.
The orc wizard hits you but does no damage.
Your Short Blades skill increases to level 5!
The orc wizard closely misses you.
You closely miss the orc wizard.
The orc wizard is heavily wounded.
The orc wizard closely misses you.
The orc wizard looks more healthy.
You are too injured to fight recklessly!
Aiming: Sting (safe; 1% risk of failure)
Press: ? - help, Q - select action, (/) - cycle Shift-Dir - straight line, f - water moccasin, p - orc wizard
Aim: a water moccasin (63% to hit)
The sting hits the water moccasin but does no damage.
The water moccasin is poisoned.
Aiming: Sting (safe; 1% risk of failure)
Press: ? - help, Q - select action, (/) - cycle Shift-Dir - straight line, f/p - water moccasin
Aim: a water moccasin (lightly wounded, poisoned, 63% to hit)
The sting misses the water moccasin.
The water moccasin looks more healthy.
Aiming: Sting (safe; 1% risk of failure)
Press: ? - help, Q - select action, (/) - cycle Shift-Dir - straight line, f/p - water moccasin
Aim: a water moccasin (lightly wounded, 63% to hit)
The sting hits the water moccasin.
The water moccasin partially resists.
The water moccasin is moderately wounded.
Aiming: Sting (safe; 1% risk of failure)
Press: ? - help, Q - select action, (/) - cycle Shift-Dir - straight line, f/p - water moccasin
Aim: a water moccasin (moderately wounded, 63% to hit)
The sting hits the water moccasin.
The water moccasin is poisoned.
The water moccasin is moderately wounded.
There is a stone staircase leading up here.
You climb upwards.
The two-headed ogre closely misses you.
The two-headed ogre hits you with a +0 giant club!
* * * LOW HITPOINT WARNING * * *
There is a stone staircase leading down, spattered with blood here.
The two-headed ogre hits you with a +0 giant club!!
Ouch! That really hurt!
You die...

#............#
#...........†########
#...##..............#
#.#.##c.............#
#.#..#..............#
#.##.#..............#
# #................#
#.###.O.............#
#.(...@##############
########


You could see a two-headed ogre and a centaur.

Vanquished Creatures
  Sigmund (D:5)
  Eustachio (D:5)
  A water moccasin (D:5)
  An ice beast (D:5)
  3 scorpions (D:4)
  A water moccasin zombie (D:5)
  A wyvern zombie (D:5)
  A water moccasin skeleton (D:4)
  A bullfrog zombie (D:5)
  7 jellies
  2 hounds
  Jessica (D:2)
  An iguana (D:5)
  An orc wizard (D:7)
  A howler monkey zombie (D:7)
  Robin (D:2)
  13 adders
  2 river rats (Sewer)
  2 shadow imps
  3 worms
  3 dart slugs
  3 orcs
  12 endoplasms
  8 giant cockroaches
  10 goblins (D:2)
  11 hobgoblins
  4 jackals (D:1)
  8 kobolds
  3 quokkas
  7 ball pythons
  10 bats
  3 frilled lizards
  28 rats
155 creatures vanquished.

Vanquished Creatures (others)
  5 fungi
  8 plants (D:1)
13 creatures vanquished.

Grand Total: 168 creatures vanquished

Notes
Turn   | Place    | Note
-------+----------+-------------------------------------------
     0 | D:1      | nickcage the Spriggan Venom Mage began the quest for the
                  | Orb.
     0 | D:1      | Reached XP level 1. HP: 9/9 MP: 5/5
   244 | D:1      | Reached XP level 2. HP: 12/13 MP: 2/7
   341 | D:1      | Found a faded altar of an unknown god.
   938 | D:2      | Reached XP level 3. HP: 14/16 MP: 2/8
  1032 | D:2      | Noticed Robin
  1614 | D:2      | Killed Robin
  1736 | D:2      | Reached XP level 4. HP: 21/21 MP: 6/9
  1752 | D:2      | Learned a level 2 spell: Poisonous Vapours
  1756 | D:2      | Learned a level 3 spell: Mephitic Cloud
  1903 | D:2      | Noticed Jessica
  1904 | D:2      | Noticed a necrophage
  2460 | D:2      | Killed Jessica
  2461 | D:2      | Reached skill level 5 in Poison Magic
  2775 | D:3      | Reached XP level 5. HP: 24/24 MP: 5/10
  2835 | D:3      | Learned a level 4 spell: Olgreb's Toxic Radiance
  2886 | D:3      | Found a sacrificial altar of Ru.
  4178 | D:4      | Found a staircase to the Ecumenical Temple.
  4201 | Temple   | Entered the Ecumenical Temple
  4242 | Temple   | Became a worshipper of Vehumet
  4413 | D:4      | Found Axtul's Weapon Emporium.
  4450 | D:4      | Reached skill level 1 in Short Blades
  4927 | D:4      | Reached XP level 6. HP: 28/28 MP: 10/12
  5422 | D:4      | Reached XP level 7. HP: 32/32 MP: 11/15
  5463 | D:5      | Entered Level 5 of the Dungeon
  5498 | D:5      | Reached skill level 5 in Spellcasting
  5531 | D:5      | Identified the -2 pair of gloves "Buoxyeru" {rC+}
  5536 | D:5      | Found a glowing drain.
  5586 | Sewer    | Entered a sewer
  5671 | Sewer    | Reached * piety under Vehumet
  5671 | Sewer    | Offered knowledge of Foxfire by Vehumet.
  5939 | Sewer    | Found a viscous altar of Jiyva.
  6305 | D:5      | Noticed Eustachio
  6512 | D:5      | Reached XP level 8. HP: 32/36 MP: 16/18
  6648 | D:5      | Noticed Sigmund
  6656 | D:5      | Reached skill level 5 in Transmutations
  6693 | D:5      | Killed Sigmund
  7879 | D:5      | Killed Eustachio
  8342 | D:5      | Identified the +0 cloak "Eshifib" {Str+4}
  8466 | D:6      | Found Bytira's Antique Weapon Shoppe.
  8469 | D:6      | Bought a glowing rapier for 203 gold pieces
  8586 | D:6      | Noticed a two-headed ogre
  8817 | D:7      | Reached skill level 5 in Short Blades
  8869 | D:6      | Mangled by a two-headed ogre

Illustrated notes

Levels and vault maps discovered:
D:1:      psy_arrival_statuary, layout_basic,
          shapermc_ecumenical_altar_mp_ritualfount
D:2:      layout_basic, grunt_ministairs_6, minmay_hedge_maze, uniq_robin,
          uniq_jessica
D:3:      minmay_wonky_spiral, layout_loops_ring,
          nicolae_ru_sacrificial_ziggurat, corexii_leaking_fountain,
          minivault_25, minmay_rat_hole
D:4:      old_forge, layout_rooms, minmay_temple_entry_arrows, serial_shops,
          nicolae_shop_bloodbath_and_beyond
D:5:      layout_basic, portal_sewer_entry_d, uniq_crazy_yiuf_cottage,
          uniq_eustachio, uniq_sigmund
D:6:      layout_basic, serial_shops, nicolae_stop_n_shop_1
D:7:      layout_basic
Temple:   kilobyte_greek_temple

Skill      XL: |  1  2  3  4  5  6  7  8 |
---------------+-------------------------+-----
Spellcasting   | 3 4 6 7 |  7.0
Transmutations | 2 3 4 6 |  6.0
Poison Magic   | 4 5 6 7 |  7.1
Short Blades   | 1 2 3 5 |  5.0
Dodging        | |  2.6
Stealth        | |  3.0

Action                   |  1- 3 |  4- 6 |  7- 9 || total
-------------------------+-------+-------+-------++-------
Melee: Unarmed           |     4 |       |       ||     4
       Dagger            |    47 |    80 |   125 ||   252
       Punch             |     1 |     1 |     1 ||     3
       Rapier            |       |       |     5 ||     5
 Cast: Sting             |    80 |   107 |   119 ||   306
       Mephitic Cloud    |       |       |     1 ||     1
       Olgreb's Toxic Ra |       |       |     1 ||     1
  Use: Scroll            |     4 |       |    11 ||    15
 Stab: Sleeping          |     4 |    10 |     7 ||    21
Armor: Robe              |     3 |    16 |    14 ||    33
Dodge: Dodged            |    39 |   104 |   156 ||   299
